 Dungeon Crawl Stone Soup version 0.21.1-1-g345015f (webtiles) character file.

7823 empire the Carver (level 11, 0/94 HPs)
             Began as a Minotaur Fighter on June 7, 2018.
             Was an Elder of Cheibriados.
             Slain by a wraith (4 damage)
             ... led by Josephine
             ... on level 10 of the Dungeon on June 8, 2018.
             The game lasted 00:25:32 (9379 turns).

empire the Carver (Minotaur Fighter)                Turns: 9379, Time: 00:25:33

Health: 0/94       AC: 16    Str: 32    XL:     11   Next: 1%
Magic:  12/12      EV: 13    Int: 15    God:    Cheibriados [****..]
Gold:   682        SH: 11    Dex: 22    Spells: 7/10 levels left

rFire    . . .     SeeInvis +   b - +6 scimitar (slice)
rCold    . . .     Gourm    .   c - +0 shield
rNeg     . . .     Faith    .   D - +2 scale mail {rPois}
rPois    +         Spirit   .   (helmet restricted)
rElec    .         Reflect  .   (no cloak)
rCorr    +         Harm     .   X - +2 pair of gloves
MR       .....                  q - +2 pair of boots
Stlth    ..........             (no amulet)
HPRegen  0.25/turn              r - ring of resist corrosion
MPRegen  0.13/turn              e - ring of see invisible

@: slowed, heavily drained, very slow
A: retaliatory headbutt, horns 2
a: Bend Time, Temporal Distortion, Slouch, Renounce Religion


You were on level 10 of the Dungeon.
You worshipped Cheibriados.
Cheibriados was greatly pleased with you.
You were not hungry.

You visited 2 branches of the dungeon, and saw 11 of its levels.
You also visited: Sewer and Ossuary.

You collected 682 gold pieces.

Inventory:

Hand Weapons
 a - the cursed +3 hand axe of the Unkillable {protect, +Rage rElec rC- rN++}
   (You took it off an orc on level 8 of the Dungeon)

   It protects the one who uses it against injury (+AC on strike).
   It makes you vulnerable to cold.
   It insulates you from electricity.
   It greatly protects you from negative energy.
   It lets you go berserk.
   It has a curse placed upon it.
 b - a +6 scimitar of slicing (weapon)
 h - a +4 long sword
 s - a cursed +4 short sword
Armour
 c - a +0 shield (worn)
 q - a +2 pair of boots (worn)
 t - the +1 buckler "Veah" {-Tele +Fly rF+++ Int+3, unknown}
   (You found it on level 8 of the Dungeon)

   It affects your intelligence (+3).
   It renders you almost immune to fire.
   It lets you fly.
   It prevents most forms of teleportation.
 D - a +2 scale mail of poison resistance (worn)
 X - a +2 pair of gloves (worn)
Jewellery
 e - a ring of see invisible (right hand)
 r - a ring of resist corrosion (left hand)
Wands
 v - a wand of flame (60)
Scrolls
 g - 2 scrolls of noise {unknown}
 i - 3 scrolls of magic mapping
 j - 5 scrolls of remove curse
 l - 5 scrolls of blinking
 o - a scroll of fog
 u - a scroll of holy word {unknown}
 C - 3 scrolls of immolation
 H - a scroll of fear {unknown}
 J - 3 scrolls of identify
 R - a scroll of vulnerability {unknown}
Potions
 d - a potion of invisibility {unknown}
 k - 4 potions of heal wounds
 m - 3 potions of agility {unknown}
 n - 6 potions of curing
 p - 4 potions of brilliance
 w - 2 potions of haste {unknown}
 x - a potion of might
 z - a potion of degeneration {unknown}
 B - 3 potions of flight {unknown}
 F - a potion of lignification {unknown}
 I - a potion of mutation {unknown}
Comestibles
 f - 19 rations


   Skills:
 + Level 7.9(6.0) Fighting
 - Level 14.1(11.9) Long Blades
 + Level 7.9(6.1) Armour
 + Level 7.8(5.9) Dodging
 - Level 4.0(2.3) Shields
 + Level 2.7(1.1) Invocations
 + Level 2.4(0.8) Evocations


You had 7 spell levels left.
You knew the following spells:

 Your Spells              Type           Power        Failure   Level  Hunger
a - Ozocubu's Armour      Chrm/Ice       #.......     100%        3    ####...


Dungeon Overview and Level Annotations

Branches:
Dungeon (10/15)            Temple (1/1) D:5            Lair (0/6) D:9
    Orc (0/2) D:9

Altars:
Ashenzari
Cheibriados
Dithmenos
Elyvilon
Fedhas
Gozag
Hepliaklqana
Kikubaaqudgha
Makhleb
Nemelex Xobeh
Okawaru
Qazlal
Ru
Sif Muna
Trog
Uskayaw
Vehumet
Wu Jian
Xom
Yredelemnul
Zin
The Shining One

Shops:
D:7 (

Annotations:
D:10 Josephine


Innate Abilities, Weirdness & Mutations

You reflexively headbutt those who attack you in melee.
You have a pair of horns on your head.


Message History

The wraith drains your vigour!
You feel as though you will be slow longer.
You slice Josephine!! Your headbutt misses Josephine.
Josephine is almost dead.
The wraith hits you. Josephine casts a spell at you.
The ghostly flame explodes!
The ghostly fireball engulfs you!
You feel drained.
* * * LOW HITPOINT WARNING * * *
The ghostly fireball engulfs Josephine.
Josephine completely resists.
The ghostly fireball engulfs the wraith.
The wraith completely resists.
The ghostly fireball engulfs the wraith.
The wraith completely resists.
The wraith closely misses you.
A howler monkey skeleton comes into view.
Your shield prevents you from hitting Josephine.
You headbutt Josephine!
Josephine is almost dead.
Josephine screams, "Die!"
You block Josephine's attack. The wraith hits you.
You die...

#.# #.#
##########.##
.......<....#
##########..#
#..# #..#
#WW##..#
#@@.Z..#
##W....#
#######


You could see Josephine, 3 wraiths and a howler monkey skeleton.

Vanquished Creatures
  An unseen horror (D:9)
  Joseph (D:8)
  A slime creature (D:7)
  A hippogriff (D:7)
  A shadow (D:8)
  A vampire (D:9)
  Sigmund (D:5)
  Eustachio (D:4)
  A wraith (D:10)
  Edmund (D:5)
  A water moccasin (D:9)
  10 orc warriors
  2 sky beasts
  Purgy (Sewer)
  6 ice beasts
  4 phantoms
  6 ogres
  6 centaurs
  4 bullfrogs
  3 scorpions
  A water moccasin skeleton (D:9)
  4 killer bees (D:9)
  10 wights
  A howler monkey (D:6)
  A crimson imp (D:5)
  A jelly (D:5)
  A gnoll shaman (D:4)
  4 orc priests
  A bullfrog skeleton (D:9)
  2 hounds
  2 iguanas (D:7)
  13 orc wizards
  8 worker ants
  A hound zombie (D:9)
  A hound skeleton (D:5)
  8 mummies (Ossuary)
  Robin (D:4)
  9 adders
  9 gnolls
  A howler monkey skeleton (D:7)
  A river rat (D:6)
  A shadow imp (D:6)
  3 oozes
  An adder zombie (D:6)
  2 adder skeletons
  3 worms
  3 dart slugs
  7 leopard geckos
  29 orcs
  7 giant cockroaches
  4 gnoll zombies
  22 goblins
  14 hobgoblins
  5 jackals
  6 quokkas
  2 ball pythons
  6 bats
  6 frilled lizards
  A hobgoblin zombie (Ossuary)
  15 kobolds
  4 kobold zombies (Ossuary)
  A leopard gecko zombie (D:7)
  An orc zombie (Ossuary)
  A quokka skeleton (D:5)
  8 rats
285 creatures vanquished.

Vanquished Creatures (others)
  A centaur (D:6)
  A bullfrog (D:6)
  An orc wizard (D:7)
  A giant cockroach (D:6)
  A quokka (D:6)
5 creatures vanquished.

Grand Total: 290 creatures vanquished

Notes
Turn   | Place    | Note
-------+----------+-------------------------------------------
     0 | D:1      | empire the Minotaur Fighter began the quest for the Orb.
     0 | D:1      | Reached XP level 1. HP: 19/19 MP: 0/0
   282 | D:1      | Reached XP level 2. HP: 24/27 MP: 1/1
   376 | D:1      | Reached skill level 3 in Long Blades
   874 | D:2      | Reached XP level 3. HP: 30/33 MP: 2/2
   966 | D:2      | Found a shadowy altar of Dithmenos.
  1136 | D:2      | Reached XP level 4. HP: 40/40 MP: 3/3
  1137 | D:2      | Reached skill level 1 in Dodging
  1335 | D:2      | Found a stormy altar of Qazlal.
  1379 | D:2      | Reached skill level 4 in Long Blades
  1548 | D:2      | Reached XP level 5. HP: 47/47 MP: 4/4
  2571 | D:4      | Noticed Eustachio
  2579 | D:4      | Reached skill level 5 in Long Blades
  2579 | D:4      | Reached XP level 6. HP: 43/55 MP: 5/5
  2586 | D:4      | Killed Eustachio
  2586 | D:4      | Reached skill level 5 in Fighting
  2595 | D:4      | Noticed an ice beast
  2599 | D:4      | Killed an ice beast
  2599 | D:4      | Reached skill level 5 in Armour
  2636 | D:4      | Reached XP level 7. HP: 47/61 MP: 6/6
  2718 | D:4      | Found a sand-covered staircase.
  2720 | D:4      | Noticed Robin
  2740 | D:4      | Killed Robin
  2744 | D:4      | Reached skill level 6 in Long Blades
  2764 | Ossuary  | Entered an ossuary
  3266 | D:4      | Found a hazy altar of Hepliaklqana.
  3758 | D:4      | Found a snail-covered altar of Cheibriados.
  3766 | D:4      | Became a worshipper of Cheibriados the Contemplative
  3795 | D:5      | Entered Level 5 of the Dungeon
  3852 | D:5      | Found a basalt altar of Yredelemnul.
  3921 | D:5      | Reached skill level 5 in Dodging
  3929 | D:5      | Reached skill level 7 in Long Blades
  3929 | D:5      | Reached XP level 8. HP: 62/70 MP: 7/7
  3956 | D:5      | Noticed Sigmund
  3970 | D:5      | Killed Sigmund
  4109 | D:5      | Found a staircase to the Ecumenical Temple.
  4127 | Temple   | Entered the Ecumenical Temple
  4353 | D:5      | Noticed Edmund
  4368 | D:5      | Killed Edmund
  4368 | D:5      | Reached skill level 8 in Long Blades
  4770 | D:5      | Reached * piety under Cheibriados
  5196 | D:6      | Found a glowing drain.
  5200 | Sewer    | Entered a sewer
  5319 | Sewer    | Noticed Purgy
  5332 | Sewer    | Killed Purgy
  5505 | D:6      | Reached XP level 9. HP: 75/78 MP: 8/8
  5587 | D:6      | Reached ** piety under Cheibriados
  5677 | D:6      | Found a shimmering altar of Xom.
  5682 | D:6      | Reached skill level 9 in Long Blades
  6149 | D:7      | Reached skill level 10 in Long Blades
  6240 | D:7      | Reached skill level 11 in Long Blades
  6250 | D:7      | Found a sacrificial altar of Ru.
  6514 | D:7      | Found Raikurph's Weapon Boutique.
  6573 | D:7      | Found a hide-covered altar of Uskayaw.
  6577 | D:7      | Noticed a dagger
  6578 | D:7      | Noticed a hand axe
  6625 | D:7      | Reached *** piety under Cheibriados
  6625 | D:7      | Reached skill level 12 in Long Blades
  6877 | D:7      | Found a radiant altar of Vehumet.
  7008 | D:7      | Reached XP level 10. HP: 86/86 MP: 9/9
  7098 | D:7      | Reached skill level 13 in Long Blades
  7559 | D:8      | Noticed Joseph
  7577 | D:8      | Killed Joseph
  7809 | D:8      | Reached skill level 14 in Long Blades
  7961 | Temple   | Learned a level 3 spell: Ozocubu's Armour
  8288 | D:8      | Got a twisted hand axe {protect}
  8289 | D:8      | Identified the cursed +3 hand axe of the Unkillable {protect, +Rage rElec rC- rN++} (You took it off an orc on level 8 of the Dungeon)
  8298 | D:8      | Found a burning altar of Makhleb.
  8311 | D:8      | Reached **** piety under Cheibriados
  8633 | D:8      | Got a smoking buckler
  8655 | D:9      | Reached skill level 1 in Invocations
  8657 | D:9      | Reached skill level 1 in Evocations
  8680 | D:9      | Found an opulent altar of Gozag.
  8744 | D:9      | Found a staircase to the Lair.
  9052 | D:9      | Found a staircase to the Orcish Mines.
  9118 | D:9      | Noticed an unseen horror
  9133 | D:9      | Killed an unseen horror
  9301 | D:9      | Reached XP level 11. HP: 94/94 MP: 10/12
  9362 | D:10     | Entered Level 10 of the Dungeon
  9375 | D:10     | Noticed Josephine
  9378 | D:10     | HP: 4/94 [Josephine/ghostly fireball (37)]
  9379 | D:10     | Slain by a wraith

Skill      XL: |  1  2  3  4  5  6  7  8  9 10 |
---------------+-------------------------------+-----
Long Blades    | 3 4 5 7 8 12 14 | 14.1
Fighting       | 4 5 6 7 |  7.9
Armour         | 4 5 6 7 |  7.9
Shields        | 4 |  4.0
Dodging        | 1 2 3 5 6 7 |  7.8
Invocations    | 2 |  2.7
Evocations     | 2 |  2.4

Action                   |  1- 3 |  4- 6 |  7- 9 | 10-12 || total
-------------------------+-------+-------+-------+-------++-------
Melee: Long sword        |    74 |   134 |   407 |   108 ||   723
       Headbutt          |    11 |    28 |   108 |    70 ||   217
       Scimitar          |       |       |       |   104 ||   104
  Use: Scroll            |       |     5 |    11 |     4 ||    20
       Potion            |       |     1 |     2 |       ||     3
  Eat: Chunk             |     1 |     5 |     8 |     4 ||    18
       Ration            |       |       |     1 |       ||     1
Armor: Scale mail        |    39 |    45 |   129 |    63 ||   276
Dodge: Dodged            |    22 |    51 |   160 |    80 ||   313
Block: Shield            |    38 |    63 |   231 |   134 ||   466
       Rpst.: Long sword |     7 |    11 |    44 |     3 ||    65
       Scimitar          |       |       |       |    14 ||    14
